 Dungeon Crawl Stone Soup version 0.29-a0-330-g52719c12eb (webtiles) character file.

Game seed: 7365123588250500383

4726 kae the Firebug (level 10, -4/69 HPs)
             Began as a Demigod Fire Elementalist on Apr 23, 2022.
             Engulfed by a steam dragon's steam (8 damage)
             ... on level 8 of the Dungeon.
             The game lasted 00:08:18 (11522 turns).

kae the Firebug (Demigod Fire Elementalist)        Turns: 11522, Time: 00:08:18

Health: -4/69      AC:  6    Str:  9    XL:     10   Next: 2%
Magic:  15/23      EV: 16    Int: 29    God:
Gold:   392        SH:  0    Dex: 14    Spells: 9/22 levels left

rFire   . . .      SeeInvis .   x - +4 scimitar
rCold   . . .      Faith    .   (no shield)
rNeg    . . .      Spirit   .   a - +0 robe
rPois   .          Reflect  .   q - +0 helmet
rElec   .          Harm     .   (no cloak)
rCorr   .          Rampage  .   (no gloves)
Will    +....                   g - +2 pair of boots
Stlth   ++........              (no amulet)
HPRegen 0.21/turn               f - ring of wizardry
MPRegen 0.18/turn               y - +4 ring of evasion

@: no status effects
A: high MP 1, forlorn, divine attributes
a: no special abilities


You were on level 8 of the Dungeon.
You visited 1 branch of the dungeon, and saw 8 of its levels.
You also visited: Sewer.

You collected 392 gold pieces.

Inventory:

Hand Weapons
 x - a +4 scimitar (weapon)
Missiles
 o - 2 throwing nets
Armour
 a - a +0 robe (worn)
 b - a +3 kite shield
 g - a +2 pair of boots (worn)
 q - a +0 helmet (worn)
Jewellery
 f - a ring of wizardry (left hand)
 i - a ring of resist corrosion
 y - a +4 ring of evasion (right hand)
Wands
 c - a wand of digging (6)
 d - a wand of paralysis (11)
Scrolls
 h - 2 scrolls of enchant armour
 m - 2 scrolls of fog
 n - a scroll of silence
 r - 2 scrolls of teleportation
 t - a scroll of magic mapping
Potions
 e - a potion of haste {unknown}
 j - 4 potions of might
 k - 2 potions of magic
 l - 2 potions of attraction
 p - a potion of resistance
 s - 2 potions of heal wounds
 u - a potion of cancellation {unknown}
 v - a potion of lignification
 w - a potion of flight {unknown}
 z - a potion of brilliance {unknown}


   Skills:
 - Level 1.7 Dodging
 - Level 1.7 Stealth
 + Level 6.4 Shields
 + Level 6.6 Spellcasting
 + Level 7.0 Conjurations
 + Level 7.6 Fire Magic


You had 9 spell levels left.
You knew the following spells:

 Your Spells              Type           Power      Damage    Failure   Level
a - Foxfire               Conj/Fire      100%       2x1d9     1%          1
b - Scorch                Fire           100%       2d10      1%          2
c - Conjure Flame         Conj/Fire      51%        6-21      1%          3
d - Inner Flame           Hex/Fire       31%        N/A       1%          3
e - Flame Wave            Conj/Fire      51%        2d10      1%          4

Your spell library contained the following spells:

 Spells                   Type           Power      Damage    Failure   Level
 Stone Arrow              Conj/Erth      58%        3d10      1%          3
 Pain                     Necr           36%        1d5       2%          1
 Call Canine Familiar     Summ           9%         N/A       6%          3
 Gell's Gravitas          Tloc           9%         N/A       6%          3
 Portal Projectile        Hex/Tloc       18%        N/A       6%          3
 Teleport Other           Tloc           9%         N/A       6%          3
 Animate Armour           Summ/Erth      18%        N/A       21%         4
 Leda's Liquefaction      Hex/Erth       4%         N/A       21%         4
 Agony                    Necr           9%         N/A       50%         5
 Excruciating Wounds      Necr           4%         N/A       50%         5
 Conjure Ball Lightning   Conj/Air       14%        3x3d6     58%         6
 Dispersal                Tloc           4%         N/A       96%         6
 Discord                  Hex            4%         N/A       100%        8
 Disjunction              Tloc           4%         N/A       100%        8
 Lehudib's Crystal Spear  Conj/Erth      14%        10d5      100%        8


Dungeon Overview and Level Annotations

Branches:
Dungeon (8/15)             Temple (0/1) D:5           Sewer (visited)
   Lair: D:8-11

Shops:
D:6 *


Innate Abilities, Weirdness & Mutations

You have an increased reservoir of magic. (+10% MP)
You shall have no god before yourself.
Your divine heritage dramatically boosts your attributes as you level up.


Message History

Confirm with . or Enter, or press ? or * to list all spells.
Flames lash the steam dragon.
The steam dragon is moderately wounded.
The steam dragon's fire resistance burns away.
You are engulfed in a cloud of scalding steam.
The bullfrog is engulfed in a cloud of scalding steam.
The bullfrog dies!
Casting: Scorch (safe; 1% risk of failure)
Confirm with . or Enter, or press ? or * to list all spells.
Flames lash the steam dragon.
The steam dragon is burned terribly!
The steam dragon is moderately wounded.
You are engulfed in a cloud of scalding steam.
You hear an angry buzzing noise.
The steam dragon closely misses you. The steam dragon claws you.
The steam dragon bites you but does no damage.
The steam dragon claws you.
Casting: Scorch (safe; 1% risk of failure)
Confirm with . or Enter, or press ? or * to list all spells.
Flames lash the steam dragon.
The steam dragon is burned terribly!
The steam dragon is heavily wounded.
The steam dragon bites you. The steam dragon claws you.
A hornet comes into view.
The steam dragon bites you.
The steam dragon claws you but does no damage.
Casting: Scorch (safe; 1% risk of failure)
Confirm with . or Enter, or press ? or * to list all spells.
Flames lash the steam dragon.
The steam dragon is burned terribly!
The steam dragon is almost dead.
You hear a croak.
A bullfrog comes into view.
The steam dragon breathes steam at you. The ball of steam hits you!
* * * LOW HITPOINT WARNING * * *
You are engulfed in a cloud of scalding steam.
* * * LOW HITPOINT WARNING * * *
The steam dragon bites you.
* * * LOW HITPOINT WARNING * * *
The steam dragon completely misses you.
You are engulfed in a cloud of scalding steam.
You die...

.. .. # .. ..
.# ... .# ..F.
.#.....
##y......
#@D......
.......!.......
##....?........
#.............
#.##..........
#. ...........
. ............
.............


You could see a hornet, a steam dragon (catching breath, combustible) and a
bullfrog.

Vanquished Creatures
  A troll (D:6)
  A yak (D:5)
  Menkaure (D:4)
  Edmund (D:6)
  2 water moccasins (D:6)
  Duvessa (D:7)
  4 black bears
  2 ice beasts
  A sky beast (D:5)
  An orc warrior (D:7)
  2 centaurs
  2 ogres
  3 phantoms
  2 kobold brigands (Sewer)
  A necrophage (D:7)
  2 bullfrogs
  Blork the orc (D:5)
  4 scorpions
  5 wights (D:7)
  Dowan (D:7)
  5 killer bees
  A howler monkey (D:6)
  5 jellies
  6 hounds
  5 orc priests
  2 iguanas
  11 orc wizards
  18 gnolls
  4 river rats
  15 adders
  3 white imps
  2 ufetubi
  6 worms
  2 dart slugs (D:3)
  31 orcs
  9 ball pythons
  10 endoplasms
  3 giant cockroaches
  3 goblins
  8 hobgoblins
  2 jackals (D:2)
  3 quokkas
  3 bats (D:3)
  2 frilled lizards
  11 kobolds
  6 rats
214 creatures vanquished.

Vanquished Creatures (collateral kills)
  4 foxfires (D:3)
4 creatures vanquished.

Vanquished Creatures (others)
  A bullfrog (D:8)
  641 foxfires
  2 plants (D:3)
644 creatures vanquished.

Grand Total: 862 creatures vanquished

Notes
Turn   | Place    | Note
-------+----------+-------------------------------------------
     0 | D:1      | kae the Demigod Fire Elementalist began the quest for the
                  | Orb.
     0 | D:1      | Reached XP level 1. HP: 14/14 MP: 5/5
   148 | D:1      | Reached skill level 1 in Conjurations
   519 | D:1      | Reached XP level 2. HP: 20/20 MP: 4/7
  1044 | D:2      | Learned a level 2 spell: Scorch
  1249 | D:2      | Reached XP level 3. HP: 15/26 MP: 3/9
  1280 | D:2      | HP: 1/26 [hobgoblin (1)]
  1284 | D:2      | Reached XP level 4. HP: 2/33 MP: 0/10
  2219 | D:2      | Learned a level 3 spell: Conjure Flame
  2308 | D:3      | Reached skill level 1 in Shields
  2308 | D:3      | Reached XP level 5. HP: 38/38 MP: 6/12
  3784 | D:4      | Reached XP level 6. HP: 45/45 MP: 11/14
  4698 | D:4      | Reached XP level 7. HP: 16/50 MP: 8/15
  5076 | D:5      | Entered Level 5 of the Dungeon
  5164 | D:4      | HP: 2/50 [iguana (9)]
  5478 | D:5      | Noticed Menkaure
  5488 | D:4      | Killed Menkaure
  5789 | D:4      | Reached skill level 5 in Fire Magic
  6176 | D:5      | Learned a level 3 spell: Inner Flame
  6181 | D:5      | Learned a level 4 spell: Flame Wave
  6298 | D:5      | Found a staircase to the Ecumenical Temple.
  6403 | D:5      | Noticed Blork the orc
  6410 | D:5      | Killed Blork the orc
  6627 | D:5      | Reached XP level 8. HP: 57/57 MP: 14/18
  7123 | D:5      | Reached skill level 5 in Conjurations
  7297 | D:5      | Reached skill level 5 in Spellcasting
  7924 | D:6      | Noticed a troll
  7942 | D:6      | Killed a troll
  7943 | D:6      | Reached skill level 5 in Shields
  7970 | D:6      | Reached XP level 9. HP: 29/62 MP: 8/21
  8107 | D:6      | Found a glowing drain.
  8122 | Sewer    | Entered a sewer
  8756 | D:6      | Noticed Edmund
  8775 | D:6      | Killed Edmund
  9092 | D:6      | Found Afyco's CLEARANCE SALE!.
  9768 | D:7      | Noticed Duvessa
  9774 | D:7      | Noticed Dowan
  9784 | D:7      | Killed Duvessa
  9784 | D:7      | Killed Dowan
 11288 | D:7      | Reached XP level 10. HP: 64/69 MP: 18/23
 11522 | D:8      | Engulfed by a steam dragon's steam

Illustrated notes

Levels and vault maps discovered:
D:1:      dpeg_arrival_oval, layout_loops_ring, shapermc_ecumenical_altar_petra
D:2:      layout_loops_ring
D:3:      layout_basic, amcnicky_altar_gilded, general_overflow_altar,
          serial_bayou_pond_e, corexii_corridor_pit, nicolae_underground_beach
D:4:      layout_loops_ring
D:5:      kennysheep_windowed_halls, layout_cave_pools, temple_doors_e,
          uniq_menkaure, uniq_blork_the_orc
D:6:      layout_basic, overflow_temple_1_default, gup_sewer_entry_bubbles,
          serial_rivers, chequers_serial_rivers_small_b,
          chequers_serial_rivers_small_a, chequers_serial_rivers_micro_e,
          chequers_serial_rivers_room_b, nicolae_shop_clearance, uniq_edmund
D:7:      layout_gridville, uniq_duvessa
D:8:      layout_cave_pools, ebering_ghost_funeral_grove

Skill      XL: |  1  2  3  4  5  6  7  8  9 10 |
---------------+-------------------------------+-----
Conjurations   | 1 2 3 4 5 6 7 |  7.0
Spellcasting   | 2 3 4 5 6 |  6.6
Fire Magic     | 3 4 5 6 7 |  7.6
Shields        | 1 2 3 5 6 |  6.4
Dodging        | |  1.7
Stealth        | |  1.7

Action                   |  1- 3 |  4- 6 |  7- 9 | 10-12 || total
-------------------------+-------+-------+-------+-------++-------
Melee: Unarmed           |    19 |       |       |       ||    19
       Short sword       |       |     7 |    10 |       ||    17
 Cast: Foxfire           |    42 |   115 |   214 |     1 ||   372
       Scorch            |     4 |    17 |    74 |    10 ||   105
       Conjure Flame     |       |     2 |     6 |       ||     8
       Flame Wave        |       |       |     5 |       ||     5
       Inner Flame       |       |       |     5 |       ||     5
  Use: Potion            |     3 |     1 |     3 |       ||     7
       Scroll            |     2 |     7 |     5 |       ||    14
Armor: Robe              |    10 |     7 |    65 |     4 ||    86
       Skin              |       |    13 |       |       ||    13
Dodge: Dodged            |    29 |    22 |   106 |     8 ||   165

Table legend: (Time is in decaauts)
 A = Elapsed time spent in this place.
 B = Non-inter-level travel time spent in this place.
 C = Inter-level travel time spent in this place.
 D = Time resting spent in this place.
 E = Time spent auto-exploring this place.
 F = Levels seen in this place.
 G = Mean time per level.
                   A        B        C        D        E       F      G
               +--------+--------+--------+--------+--------+-----+--------+
         Total |  11643 |  11276 |    367 |   1623 |   7804 |   9 | 1293.7 |
       Dungeon |  10999 |  10632 |    367 |   1519 |   7423 |   8 | 1374.9 |
         Sewer |    643 |    643 |      0 |    104 |    381 |   1 |  643.0 |
               +--------+--------+--------+--------+--------+-----+--------+

Top non-repeatable levels by time:
     D:4: 2275 daAuts
     D:7: 1788 daAuts
     D:5: 1660 daAuts
     D:3: 1627 daAuts
     D:6: 1404 daAuts
     D:2: 1208 daAuts
     D:1: 1025 daAuts
   Sewer: 643 daAuts
     D:8: 10 daAuts
